 Dungeon Crawl Stone Soup version 0.20-a0-382-g289d6af (webtiles) character file.

342 SteppanEard the Ruffian (level 6, -11/53 HPs)
             Began as a Troll Wanderer on Dec 28, 2016.
             Mangled by an orc warrior
             ... wielding a +0 glaive
              (20 damage)
             ... on level 4 of the Dungeon.
             The game lasted 00:07:14 (2286 turns).

SteppanEard the Ruffian (Troll Wanderer)            Turns: 2286, Time: 00:07:14

Health: -11/53     AC:  5    Str: 22    XL:     6   Next: 30%
Magic:  6/6        EV:  9    Int:  8    God:
Gold:   203        SH:  0    Dex: 10    Spells: 7/7 levels left

rFire  + . .     SeeInvis .       - Unarmed
rCold  + . .     Gourm    +     d - +0 robe
rNeg   . . .     Faith    .     (no shield)
rPois  .         Spirit   .     (helmet restricted)
rElec  .         Reflect  .     (no cloak)
rCorr  .         Harm     .     (gloves unavailable)
MR     .....                    (boots unavailable)
Stlth  +.........               (no amulet)
                                w - ring of protection from fire
                                l - ring of protection from cold

@: no status effects
A: unfitting armour, claws 3, fast metabolism 3, gourmand, regeneration 1,
shaggy fur 1, tough skin 2
a: no special abilities


You were on level 4 of the Dungeon.
You were not hungry.

You visited 1 branch of the dungeon, and saw 4 of its levels.

You collected 203 gold pieces.

Inventory:

Missiles
 r - 73 arrows
Armour
 d - a +0 robe (worn)
Jewellery
 l - a ring of protection from cold (left claw)
 n - an uncursed ring of wizardry
 w - a ring of protection from fire (right claw)
Wands
 x - a wand of slowing (19/48)
 y - a wand of digging (8/24)
Scrolls
 i - 2 scrolls of teleportation {unknown}
 j - 7 scrolls of remove curse {unknown}
 k - 6 scrolls of identify {unknown}
 t - a scroll of enchant armour {unknown}
 B - a scroll of fog {unknown}
Potions
 c - 2 potions of lignification
 e - 2 potions of might {unknown}
 m - a potion of cure mutation {unknown}
 o - a potion of degeneration {unknown}
 p - 2 potions of berserk rage {unknown}
 s - 2 potions of haste {unknown}
 v - 2 potions of brilliance {unknown}
 z - a potion of heal wounds {unknown}
 A - 2 potions of flight {unknown}
Books
 a - a book of Changes

   Spells                             Type                      Level
   a - Beastly Appendage              Transmutation                1
   b - Sticks to Snakes               Transmutation                2
   c - Spider Form                    Transmutation/Poison         3
   d - Ice Form                       Ice/Transmutation            4
   e - Blade Hands                    Transmutation                5
 b - the Incunabulum of Summoning

   Spells                             Type                      Level
   a - Summon Butterflies             Summoning                    1
   b - Recall                         Summoning/Translocation      3
Comestibles
 f - 4 bread rations
 g - a beef jerky
 h - 3 meat rations
 q - 7 fruits
 u - 2 slices of pizza


   Skills:
 - Level 1.0 Throwing
   Level 1.0 Shields
 * Level 6.3 Unarmed Combat
 - Level 1.2 Spellcasting
   Level 1.0 Hexes
   Level 2.4 Necromancy
   Level 1.3 Transmutations


You had 7 spell levels left.
You didn't know any spells.

Dungeon Overview and Level Annotations

Branches:
Dungeon (4/15)
 Temple: D:4-7

Altars:
Fedhas
Gozag
Nemelex Xobeh
Okawaru
Trog
Vehumet


Innate Abilities, Weirdness & Mutations

You are too large for most types of armour.
You have claws for hands.
Your metabolism is lightning-fast.
You like to eat raw meat.
Your natural rate of healing is unusually fast.
You are covered in fur. (AC +1)
You have very tough skin. (AC +2)


Message History

An orc comes into view.
It is wielding a hand axe of electrocution.
The orc shouts!
The orc wizard looks encouraged for a moment.
There is an open door here.
You close the door.
Something unseen opens the door.
The orc wizard points at you and mumbles some strange words.
The puff of frost hits you! You resist.
There is a fountain of sparkling water here.
The orc warrior hits you with a glaive!!
Ouch! That really hurt!
You barely miss the orc warrior. You closely miss the orc warrior.
The orc warrior barely misses you.
The orc warrior hits you from afar with a glaive!
* * * LOW HITPOINT WARNING * * *
The orc wizard casts a cantrip, but nothing happens.
The orc warrior hits you from afar with a glaive!
* * * LOW HITPOINT WARNING * * *
The orc warrior hits you with a glaive!!
You die...

.o..##..........#.##.#
...(##..._......#o##.#
########........#o##.#
###....#.#.##.#
####...#..#.#
##..##o#.#
##.##o.#)########
#..##o##.......<#
#.@.########### #.#.##
#+##.# ###


You could see an orc warrior, an orc wizard and an orc.

Vanquished Creatures
  An ogre (D:4)
  2 orc priests (D:3)
  Terence (D:3)
  A worker ant (D:3)
  A hound zombie (D:3)
  A hound skeleton (D:4)
  2 adders (D:2)
  A shadow imp (D:3)
  3 oozes
  2 worms (D:3)
  2 dart slugs
  A leopard gecko (D:1)
  6 orcs (D:3)
  A ball python (D:3)
  3 bats
  6 giant cockroaches
  5 goblins
  7 hobgoblins
  2 jackals (D:2)
  A quokka (D:2)
  3 frilled lizards
  15 kobolds
  10 rats
77 creatures vanquished.

Notes
Turn   | Place    | Note
-------+----------+-------------------------------------------
     0 | D:1      | SteppanEard the Troll Wanderer began the quest for the Orb.
     0 | D:1      | SteppanEard set off with: a book of Changes, the Incunabulum of Summoning, a potion of lignification, a +0 robe, a +0 club, 2 bread rations
     0 | D:1      | Reached XP level 1. HP: 16/16 MP: 1/1
   218 | D:1      | Identified the Incunabulum of Summoning
   261 | D:1      | Reached skill level 1 in Unarmed Combat
   308 | D:1      | Reached XP level 2. HP: 24/24 MP: 2/2
   317 | D:1      | Reached skill level 2 in Unarmed Combat
   529 | D:1      | Reached XP level 3. HP: 31/31 MP: 3/3
   754 | D:2      | Reached skill level 3 in Unarmed Combat
   903 | D:2      | Reached XP level 4. HP: 39/39 MP: 4/4
  1102 | D:2      | Found a bloodstained altar of Trog.
  1233 | D:2      | Found a sparkling altar of Nemelex Xobeh.
  1233 | D:2      | Found an iron altar of Okawaru.
  1457 | D:3      | Reached skill level 4 in Unarmed Combat
  1485 | D:3      | Noticed Terence
  1496 | D:3      | Killed Terence
  1667 | D:3      | Reached XP level 5. HP: 11/45 MP: 5/5
  1679 | D:3      | HP: 2/45 [orc/flail (6)]
  1814 | D:3      | Reached skill level 5 in Unarmed Combat
  1907 | D:3      | Found a radiant altar of Vehumet.
  2184 | D:4      | Noticed an ogre
  2185 | D:4      | Found an opulent altar of Gozag.
  2186 | D:4      | Found a blossoming altar of Fedhas.
  2206 | D:4      | Killed an ogre
  2206 | D:4      | Reached skill level 6 in Unarmed Combat
  2206 | D:4      | Reached XP level 6. HP: 30/53 MP: 6/6
  2246 | D:4      | Noticed an orc warrior
  2286 | D:4      | Mangled by an orc warrior

Vault maps used:
D:1:      nicolae_arrival_washed_ashore
D:2:      kennysheep_big_flooded_room, gammafunk_temple_overflow_elements,
          bloody_trog, nicolae_overflow_hidden_temple
D:3:      overflow_temple_1_default, uniq_terence
D:4:      grunt_temple_overflow_open, lemuel_coloured_pillars_altar,
          serial_shops, nicolae_shop_overgrown_old_shop, columned_hall_lemuel,
          kennysheep_nondescript, tso_metal_star

Skill      XL: |  1  2  3  4  5 |
---------------+----------------+-----
Unarmed Combat | 1 2 3 4 6 |  6.3
Throwing       | |  1.0
Shields        | |  1.0
Spellcasting   | |  1.2
Hexes          | |  1.0
Necromancy     | |  2.4
Transmutations | |  1.3

Action                   |  1- 3 |  4- 6 || total
-------------------------+-------+-------++-------
Melee: Unarmed           |    82 |   131 ||   213
       Punch             |     1 |     2 ||     3
  Eat: Chunk             |     7 |    15 ||    22
Armor: Robe              |    21 |    33 ||    54
Dodge: Dodged            |    36 |    60 ||    96
